 Dungeon Crawl Stone Soup version 0.29-a0-356-g7bc237e783 (webtiles) character file.

Game seed: 2753724909880196760

2 ytrimaz the Insei (level 1, -2/13 HPs)
             Began as an Octopode Transmuter on Apr 26, 2022.
             Slain by a quokka (5 damage)
             ... on level 1 of the Dungeon.
             The game lasted 00:00:16 (39 turns).

ytrimaz the Insei (Octopode Transmuter)               Turns: 39, Time: 00:00:17

Health: -2/13      AC:  1    Str:  9    XL:     1   Next: 30%
Magic:  3/3        EV: 13    Int: 15    God:
Gold:   17         SH:  0    Dex: 12    Spells: 3/4 levels left

rFire   . . .      SeeInvis .     - Unarmed
rCold   . . .      Faith    .   (no shield)
rNeg    . . .      Spirit   .   (helmet restricted)
rPois   .          Reflect  .   (no amulet)
rElec   .          Harm     .   (no ring)
rCorr   .          Rampage  .   (no ring)
Will    .....                   (no ring)
Stlth   ++........              (no ring)
HPRegen 0.04/turn               (no ring)
MPRegen 0.08/turn               (no ring)
                                (no ring)
                                (no ring)

@: no status effects
A: almost no armour, amphibious, 8 rings, camouflage 1, gelatinous body 1,
(nimble swimmer 1), tentacles
a: no special abilities


You were on level 1 of the Dungeon.
You visited 1 branch of the dungeon, and saw 1 of its levels.

You collected 17 gold pieces.

Inventory:

Potions
 a - a potion of lignification


   Skills:
 - Level 1.0 Fighting
 - Level 2.0 Dodging
 * Level 0.1 Stealth
 + Level 3.0 Unarmed Combat
 * Level 2.0 Spellcasting
 + Level 2.0 Transmutations


You had 3 spell levels left.
You knew the following spells:

 Your Spells              Type           Power      Damage    Failure   Level
a - Beastly Appendage     Tmut           14%        N/A       10%         1

Your spell library contained the following spells:

 Spells                   Type           Power      Damage    Failure   Level
 Wereblood                Tmut           7%         N/A       14%         2
 Spider Form              Tmut/Pois      4%         N/A       41%         3
 Ice Form                 Ice/Tmut       4%         N/A       82%         4


Dungeon Overview and Level Annotations

Branches:
Dungeon (1/15)

Altars:


Innate Abilities, Weirdness & Mutations

You cannot wear most types of armour.
You are amphibious.
You can wear up to eight rings at the same time.
Your skin changes colour to match your surroundings (Stealth+).
Your rubbery body absorbs attacks. (AC +1, EV +1)
((You are camouflaged when in or above water. (Stealth+)))
You have tentacles for arms and can constrict up to eight enemies at once.


Message History

You miss the frilled lizard. You grab the frilled lizard.
You constrict the frilled lizard.
You kill the frilled lizard!
No target in view!
You now have 17 gold pieces (gained 8).
Found a stone staircase leading down.
Found a whip.
A bat and a kobold come into view.
Found 12 gold pieces.
The kobold shouts!
The kobold throws a stone.
The stone closely misses you.
There are monsters nearby!
The kobold throws a stone.
The stone hits you.
Found a fizzy yellow potion.
The bat hits you. The bat misses you.
The kobold hits you with a +0 short sword.
You tentacle-slap the kobold. Your grab misses the kobold.
You tentacle-slap the kobold, but do no damage.
The kobold is severely wounded.
The bat misses you.
The kobold hits you with a +0 short sword.
A quokka comes into view.
You are too injured to fight recklessly!
You are too injured to fight recklessly!
You are too injured to fight recklessly!
Unknown command.
You tentacle-slap the kobold.
You kill the kobold!
The bat hits you. x2
* * * LOW HITPOINT WARNING * * *
Found 10 gold pieces and a metallic grey potion.
The bat closely misses you. The bat hits you but does no damage.
Things that are here:
a +0 short sword; 4 stones; a kobold corpse The bat closely misses you.
The bat attacks as you move away! The bat hits you but does no damage.
The bat barely misses you. The quokka attacks as you move away!
The quokka misses you. The bat closely misses you. The quokka bites you.
You die...

#....#.....#..#
+#≈≈##........#
.....#####....#
..............#
..............#
.....).......#
.............#
.............#
.......>b@.#.#
..#......r...#
..##.........#
#####.....#
#....)#
#$............
#..............
#..#............
...#............$


You could see a quokka and a bat.

Vanquished Creatures
  A frilled lizard (D:1)
  A kobold (D:1)
  A rat (D:1)
3 creatures vanquished.

Notes
Turn   | Place    | Note
-------+----------+-------------------------------------------
     0 | D:1      | ytrimaz the Octopode Transmuter began the quest for the
                  | Orb.
     0 | D:1      | Reached XP level 1. HP: 13/13 MP: 3/3
    39 | D:1      | Slain by a quokka

Illustrated notes

Levels and vault maps discovered:
D:1:      dpeg_arrival_rooms_with_view, layout_rooms,
          shapermc_ecumenical_altar_hornbeckon, serial_aquarium,
          aquarium_bridge_straight [aquarium_subvault_bridge,
          aquarium_subvault_wall, aquarium_subvault_bridge,
          aquarium_subvault_wall], aquarium_window_fake, aquarium_window_corner,
          aquarium_window_3, aquarium_window_fake, aquarium_view_2b,
          aquarium_view_2b, aquarium_balcony_1b, minmay_pentomino_u4

Action                   || total
-------------------------++-------
Melee: Unarmed           ||     6
       Constrict         ||     2
       Punch             ||     1
Armor: Skin              ||     2
Dodge: Dodged            ||     9

Table legend: (Time is in decaauts)
 A = Elapsed time spent in this place.
 B = Non-inter-level travel time spent in this place.
 C = Inter-level travel time spent in this place.
 D = Time resting spent in this place.
 E = Time spent auto-exploring this place.
 F = Levels seen in this place.
 G = Mean time per level.
                   A        B        C        D        E       F      G
               +--------+--------+--------+--------+--------+-----+--------+
         Total |     38 |     38 |      0 |      0 |     12 |   1 |   38.0 |
       Dungeon |     38 |     38 |      0 |      0 |     12 |   1 |   38.0 |
               +--------+--------+--------+--------+--------+-----+--------+

Top non-repeatable levels by time:
     D:1: 38 daAuts
